 Dungeon Crawl Stone Soup version 0.31-a0-851-g7ff8af7976 (webtiles) character file.

Game seed: 163430780399763553

48 Schnaeble the Trooper (level 3, -5/34 HPs)
             Began as a Minotaur Fighter on Oct 7, 2023.
             Slain by Sigmund
             ... wielding a +0 scythe
              (10 damage)
             ... on level 2 of the Dungeon.
             The game lasted 00:01:24 (674 turns).

Schnaeble the Trooper (Minotaur Fighter)             Turns: 674, Time: 00:01:24

Health: -5/34      AC:  6    Str: 22    XL:     3   Next: 50%
Magic:  2/2        EV:  9    Int:  5    God:
Gold:   22         SH:  4    Dex:  9    Spells: 2/2 levels left

rFire   . . .        e - +0 whip
rCold   . . .        c - +0 buckler
rNeg    . . .        b - +0 scale mail
rPois   .            (helmet restricted)
rElec   .            (no cloak)
rCorr   .            (no gloves)
SInv    .            (no boots)
Will    .....        (no amulet) Stlth
                     (no ring)
HPRegen 0.25/turn    (no ring)
MPRegen 0.08/turn

%: no passive effects
@: mighty, brilliant, lethally poisoned (-5 -> -7)
A: horns 2, retaliatory headbutt
a: no special abilities


You were on level 2 of the Dungeon.
You visited 1 branch of the dungeon, and saw 2 of its levels.

You collected 22 gold pieces.

Inventory:

Hand Weapons
 a - a +0 flail
 e - a +0 whip (weapon)
Armour
 b - a +0 scale mail (worn)
 c - a +0 buckler (worn)
Potions
 f - 3 potions of curing {unknown}
 g - 2 potions of brilliance


   Skills:
 + Level 4.5 Fighting
 * Level 3.8 Maces & Flails
 - Level 3.6 Armour
 + Level 0.5 Dodging
 - Level 3.6 Shields


You had 2 spell levels left.
You didn't know any spells.
Your spell library was empty.

Dungeon Overview and Level Annotations

Branches:
Dungeon (2/15)

Altars:

Annotations:
D:2 Sigmund


Innate Abilities, Weirdness & Mutations

You have a pair of horns on your head.
You reflexively headbutt those who attack you in melee.


Message History

Sigmund points at you and mumbles some strange words.
The puff of flame misses you.
You bump into the rock wall.
You feel less confused.
The adder hisses angrily.
The goblin hits you with a +0 club. Sigmund hits you but does no damage.
You feel very mighty all of a sudden. The goblin hits you with a +0 club.
You hit the goblin.
You kill the goblin!
Sigmund hits you but does no damage. The worm bites you!
You see here a +0 club.
You barely miss the worm.
The endoplasm jiggles.
Sigmund hits you from afar with a +0 scythe!
* * * LOW HITPOINT WARNING * * *
The worm bites you but does no damage.
You whack the worm!
The worm is heavily wounded.
The worm attacks as it pursues you! The worm closely misses you.
You whack the worm! You headbutt the worm.
You kill the worm!
You closely miss the adder. The adder bites you.
* * * LOW HITPOINT WARNING * * *
You are poisoned.
The adder poisons you!
You barely miss the adder.
You feel sick. The adder closely misses you.
You whack the adder!
You kill the adder!
You whack the endoplasm!
You kill the endoplasm!
You feel sick.
Sigmund says, "Don't worry, I'll kill you fast."
You block Sigmund's attack.
It was a potion of brilliance.
You feel clever all of a sudden.
You feel sick.
Sigmund hits you from afar with a +0 scythe!
You die...
Sigmund begins carving another notch in his scythe.

...............#
...........###.##..
#.##....†#........)
#........#..##.##.#
###.....#..##.# .#
#.....#.....# .#
###.###...### .#
#.###...####.#
#.#.......)@.#
#.#[..#@####
..........#
###.#...#.#J.
#.##......... #
#..#.# #### ......
###.#.# ..>


You could see Sigmund.

Vanquished Creatures
  An adder (D:2)
  A worm (D:2)
  2 ball pythons (D:1)
  7 endoplasms
  A giant cockroach (D:1)
  3 goblins
  6 hobgoblins
  5 kobolds
  2 quokkas
  3 bats
  A frilled lizard (D:1)
  A rat (D:1)
33 creatures vanquished.

Notes
Turn   | Place    | Note
-------+----------+-------------------------------------------
     0 | D:1      | Schnaeble the Minotaur Fighter began the quest for the Orb.
     0 | D:1      | Reached XP level 1. HP: 19/19 MP: 0/0
   110 | D:1      | Found a faded altar of an unknown god.
   170 | D:1      | Reached XP level 2. HP: 15/27 MP: 1/1
   333 | D:1      | Reached skill level 4 in Fighting
   550 | D:2      | Reached XP level 3. HP: 24/33 MP: 2/2
   649 | D:2      | Noticed Sigmund
   674 | D:2      | Slain by Sigmund

Illustrated notes

Levels and vault maps discovered:
D:1:      dpeg_arrival_round_b, layout_rooms, chequers_ecumenical_altar_island
D:2:      layout_loops_ring, basic_altar, uniq_sigmund

Skill      XL: |  1  2 |
---------------+-------+-----
Maces & Flails | 3 |  3.8
Fighting       | 4 |  4.5
Armour         | |  3.6
Dodging        | |  0.5
Shields        | |  3.6

Action                     || total
---------------------------++-------
  Melee: Flail             ||    31
         Headbutt          ||    13
         Whip              ||    39
    Use: Potion            ||     2
 Armour: Scale mail        ||    45
  Dodge: Dodged            ||    41
  Block: Buckler           ||    16

Table legend: (Time is in decaauts)
 A = Elapsed time spent in this place.
 B = Non-inter-level travel time spent in this place.
 C = Inter-level travel time spent in this place.
 D = Time resting spent in this place.
 E = Time spent auto-exploring this place.
 F = Levels seen in this place.
 G = Mean time per level.
                   A        B        C        D        E       F      G
               +--------+--------+--------+--------+--------+-----+--------+
         Total |    684 |    648 |     36 |      0 |    474 |   2 |  342.0 |
       Dungeon |    684 |    648 |     36 |      0 |    474 |   2 |  342.0 |
               +--------+--------+--------+--------+--------+-----+--------+

Top non-repeatable levels by time:
     D:1: 533 daAuts
     D:2: 151 daAuts
